 Dungeon Crawl Stone Soup version 0.32-a0-485-g70f7560b1c (webtiles) character file.

Game seed: 2880391859660794113

12405 javelincjr the Fighter (level 11, -8/87 HPs)
             Began as a Demonspawn Warper on Feb 26, 2024.
             Was an Elder of Beogh.
             Mangled by a two-headed ogre
             ... wielding a +0 giant club
              (23 damage)
             ... on level 10 of the Dungeon on Feb 27, 2024.
             The game lasted 00:38:30 (7343 turns).

javelincjr the Fighter (Demonspawn Warper)          Turns: 7343, Time: 00:38:30

Health: -8/87      AC: 16    Str: 21    XL:     11   Next: 62%
Magic:  2/29       EV: 13    Int: 25    God:    Beogh [****..]
Gold:   259        SH:  9    Dex: 11    Spells: 9/21 levels left

rFire   + . .        D - +7 flail of the Maze {spect, rF+ Int+2}
rCold   . . .        k - +0 buckler
rNeg    . . .        b - +0 leather armour
rPois   .            N - +3 hat of Pondering {ponderous, Will+ MP+10 Int+5}
rElec   .            (no cloak)
rCorr   .            (no gloves)
SInv    .            (no boots)
Will    +....        F - amulet of regeneration
Stlth   +++          g - +6 ring of strength
HPRegen 1.14/turn    I - +4 ring of slaying
MPRegen 0.21/turn

%: no passive effects
@: wreathed by umbra, slow
A: claws 1, icy blue scales 1, icemail 2, condensation shield, foul shadow 2,
clever 1
a: Renounce Religion, Smiting, Recall Apostles, Dismiss Olfrun, warrior, Dismiss
Orbeogh, wizard


You were on level 10 of the Dungeon.
You worshipped Beogh.
Beogh was greatly pleased with you.
You visited 1 branch of the dungeon, and saw 10 of its levels.

You collected 475 gold pieces.
You spent 216 gold pieces at shops.

Inventory:

Hand Weapons
 q - a +0 spear
 w - a +5 trident of freezing
 x - the +7 trident of Death's Door {holy, Int+3 Dex+5}
   (You found it on level 4 of the Dungeon)

   Int+3:     It affects your intelligence (+3).
   Dex+5:     It affects your dexterity (+5).
 D - the +7 flail of the Maze (weapon) {spect, rF+ Int+2}
   (You found it on level 8 of the Dungeon)

   Int+2:     It affects your intelligence (+2).
   rF+:       It protects you from fire.
 E - a +4 trident
Missiles
 d - 7 darts of dispersal
 i - 8 curare-tipped darts (quivered)
 n - 5 javelins
 p - 10 boomerangs
 t - 16 poisoned darts
Armour
 b - a +0 leather armour (worn)
 k - a +0 buckler (worn)
 H - a +0 helmet
 J - a +1 hat
 N - the +3 hat of Pondering (worn) {ponderous, Will+ MP+10 Int+5}
   (You found it on level 9 of the Dungeon)

   Int+5:     It affects your intelligence (+5).
   Will+:     It increases your willpower.
   MP+10:     It affects your magic capacity (+10).
Jewellery
 a - a ring of protection from cold
 g - a +6 ring of strength (left claw)
 h - a ring of wizardry
 v - a ring of protection from fire
 z - the Hermit's Pendant {Faith Invo=14 Evo=0 MP+5}
   (You found it on level 4 of the Dungeon)

   [amulet of faith]

   Invo=14: It sets your Invocations skill to 14.
   Evo=0: It sets your Evocations skill to 0.
   Faith:     It allows you to gain divine favour quickly.
   MP+5:      It affects your magic capacity (+5).
 F - an amulet of regeneration (around neck)
 G - the amulet of Wacwec {Acrobat Harm Rampage rElec}
   (You found it on level 7 of the Dungeon)

   [amulet of the acrobat]

   Acrobat:   It increases your evasion while moving and waiting.
   rElec:     It insulates you from electricity.
   Harm:      It increases damage dealt and taken.
   Rampage:   It bestows one free step when moving towards enemies.
 I - a +4 ring of slaying (right claw)
Wands
 r - a wand of charming (1)
 u - a wand of flame (22)
 y - a wand of iceblast (4)
Scrolls
 c - 2 scrolls of blinking
 f - a scroll of silence {unknown}
 j - a scroll of identify
 l - 3 scrolls of vulnerability
 m - 7 scrolls of teleportation
 o - 7 scrolls of poison {unknown}
 s - 5 scrolls of immolation {unknown}
 A - 2 scrolls of enchant weapon {unknown}
 C - a scroll of revelation {unknown}
 L - a scroll of enchant armour {unknown}
 O - a scroll of torment {unknown}
Potions
 e - 3 potions of lignification
 B - 2 potions of curing
 K - a potion of haste
 M - 3 potions of attraction {unknown}
 P - 3 potions of heal wounds
 Q - a potion of cancellation
 R - a potion of enlightenment {unknown}


   Skills:
 * Level 8.6 Fighting
 - Level 1.7(4.3) Axes
 * Level 4.4(4.6) Maces & Flails
 - Level 4.2(4.4) Polearms
 - Level 0.8 Throwing
 + Level 5.5 Armour
 + Level 5.6 Dodging
 + Level 5.3 Stealth
 + Level 5.0 Shields
 + Level 5.7 Spellcasting
 + Level 6.0 Translocations
 + Level 7.2 Invocations


You had 9 spell levels left.
You knew the following spells:

 Your Spells              Type           Power      Damage    Failure   Level
a - Blink                 Tloc           74%        N/A       1%          2
b - Lesser Beckoning      Tloc           74%        N/A       1%          2
c - Manifold Assault      Tloc           37%        N/A       9%          4
d - Iskenderun's Mystic   Conj/Tloc      22%        2d6       30%         4

Your spell library contained the following spells:

 Spells                   Type           Power      Damage    Failure   Level
 Teleport Other           Tloc           37%        N/A       2%          3
 Ensorcelled Hibernation  Hex/Ice        14%        N/A       16%         2
 Dimensional Bullseye     Hex/Tloc       11%        N/A       30%         4
 Vhi's Electric Charge    Tloc/Air       44%        N/A       30%         4
 Fugue of the Fallen      Necr           7%         N/A       32%         3
 Tukima's Dance           Hex            7%         N/A       32%         3
 Anguish                  Hex/Necr       3%         N/A       71%         4
 Animate Armour           Summ/Erth      14%        N/A       71%         4
 Dispersal                Tloc           18%        N/A       80%         6
 Bombard                  Conj/Erth      3%         9d1       100%        6
 Disjunction              Tloc           18%        N/A       100%        8


Dungeon Overview and Level Annotations

Branches:
Dungeon (10/15)            Temple (0/1) D:7             Orc (0/2) D:9
   Lair: D:8-11

Altars:
Ashenzari
Dithmenos
Fedhas
Makhleb
Nemelex Xobeh
Okawaru
Ru
Trog
Wu Jian
Xom
Yredelemnul

Shops:
D:5 (   D:6 *   D:10 !

Annotations:
D:4 1 runed translucent door, Scrimshaw's ghost, amateur CoHs
D:8 1 transporter


Innate Abilities, Weirdness & Mutations

Your facial features look somewhat orcish.
You have sharp fingernails.
You are partially covered in icy blue scales. (AC +2)
A meltable icy envelope protects you from harm. (AC +8)
A meltable shield of frost defends you. (SH +4)
You are shadowed, sometimes releasing foul flame when damaged in melee.
Your mind is acute. (Int +4, Str/Dex -1)


Message History

Your Translocations skill increases to level 6!
You closely miss the hornet.
Your +7 flail of the Maze {spect, rF+ Int+2} hits the hornet.
Orbeogh points at the hornet and mumbles some strange words.
The zap hits the hornet!!
The hornet closely misses Olfrun.
Olfrun closely misses the hornet.
The hornet barely misses your +7 flail of the Maze {spect, rF+ Int+2}.
You hit the hornet.
The hornet is almost dead.
Your +7 flail of the Maze {spect, rF+ Int+2} misses the hornet.
The hornet misses you.
Olfrun hits the hornet with a +2 long sword of protection!
The hornet dies!
Beogh accepts your kill.
You start resting.
Your +7 flail of the Maze {spect, rF+ Int+2} disappears.
A two-headed ogre comes into view. It is wielding two +0 giant clubs.
Olfrun barely misses the two-headed ogre.
Orbeogh closely misses the two-headed ogre.
The two-headed ogre hits Orbeogh with a +0 giant club!!
The two-headed ogre closely misses Orbeogh.
Olfrun hits the two-headed ogre with a +2 long sword of protection!
Orbeogh hits the two-headed ogre with the +5 dagger of Devotion.
The two-headed ogre writhes in agony.
You swap places.
Olfrun hits the two-headed ogre with a +2 long sword of protection.
The two-headed ogre hits you with a +0 giant club.
The two-headed ogre hits you with a +0 giant club!
Items here: ))) [ †.
You thump the two-headed ogre!
The two-headed ogre is heavily wounded.
Orbeogh gestures at the two-headed ogre while chanting.
The zap hits the two-headed ogre!
You hit the two-headed ogre.
The two-headed ogre is severely wounded.
Your +7 flail of the Maze {spect, rF+ Int+2} hits the two-headed ogre!
The two-headed ogre hits you with a +0 giant club!!
* * * LOW HITPOINT WARNING * * *
The two-headed ogre hits you with a +0 giant club!!
You die...

######...##...####..#
#.......#
#......###..#.###o.##.
##......#
..########.##..##[##.##
##.....# ###
#......##....##...
##....#
#######.o....#..#
#....# #.o######.##
##...#
##########.######...#
##..#
....>..........').#
####
.#######...###.o@##
....###..### #.'(O#
....#...## ####o..
......### #.## #...###
..# ##### #... #.# #.


You could see a two-headed ogre (ally target), the friendly Olfrun the orc
apostle, the friendly Orbeogh the orc apostle and a friendly +7 flail of the
Maze {spect, rF+ Int+2}.

Vanquished Creatures
  Gastronok (D:8)
  A kobold demonologist (D:10)
  2 trolls
  Grinder (D:5)
  7 yaks
  2 wyverns
  A wraith (D:10)
  A steam dragon (D:8)
  A water moccasin (D:7)
  An ice beast (D:7)
  2 black bears
  3 ogres
  2 wolves (D:8)
  2 centaurs
  3 kobold brigands
  A phantom (D:4)
  10 wights
  5 killer bees
  3 howler monkeys
  A bombardier beetle (D:4)
  A crimson imp (D:7)
  A human zombie (D:7)
  3 jellies
  2 orc priests (D:7)
  5 hounds
  3 sleepcaps
  Jessica (D:2)
  4 iguanas
  Natasha (twice) (D:3)
  2 orc wizards
  5 adders
  4 gnolls (D:3)
  2 shadow imps (D:5)
  A white imp (D:8)
  6 ufetubi (D:5)
  3 dart slugs
  3 ribbon worms
  13 orcs
  6 endoplasms
  2 giant cockroaches
  7 hobgoblins
  2 jackals (D:5)
  20 kobolds
  2 quokkas (D:2)
  8 ball pythons
  5 bats
  A frilled lizard (D:1)
  4 goblins
  6 rats
174 creatures vanquished.

Vanquished Creatures (collateral kills)
  A hydra (D:10)
  2 two-headed ogres (D:10)
  A komodo dragon (D:10)
  2 unseen horrors (D:10)
  A troll (D:10)
  A hornet (D:10)
  A slime creature (D:8)
  A wyvern (D:10)
  A wraith (D:10)
  A human (D:7)
  Grum (D:8)
  A steam dragon (D:10)
  6 yaks
  An acid dragon (D:10)
  A water moccasin (D:8)
  3 orc warriors (D:10)
  2 wolves (D:8)
  A centaur (D:7)
  2 bullfrogs (D:9)
  4 wights (D:8)
  3 killer bees (D:7)
  3 howler monkeys
  An orc (D:7)
41 creatures vanquished.

Vanquished Creatures (others)
  An orc (D:5)
  A spectral weapon (D:10)
2 creatures vanquished.

Grand Total: 217 creatures vanquished

Notes
Turn   | Place    | Note
-------+----------+-------------------------------------------
     0 | D:1      | javelincjr the Demonspawn Warper began the quest for the
                  | Orb.
     0 | D:1      | Reached XP level 1. HP: 16/16 MP: 3/3
    57 | D:1      | Got the Directory of Silt
    86 | D:1      | Reached skill level 1 in Armour
   306 | D:1      | Found a faded altar of an unknown god.
   372 | D:1      | Gained mutation: A meltable shield of frost defends you.
                  | (SH +4) [demonic ancestry]
   372 | D:1      | Reached XP level 2. HP: 22/22 MP: 5/5
   497 | D:1      | Learned a level 2 spell: Blink
   500 | D:1      | Learned a level 2 spell: Lesser Beckoning
   679 | D:2      | Noticed Jessica
   778 | D:2      | Killed Jessica
   779 | D:2      | Gained mutation: A meltable icy envelope protects you from
                  | harm. (AC +8) [demonic ancestry]
   779 | D:2      | Reached XP level 3. HP: 28/28 MP: 6/6
   821 | D:2      | Became a worshipper of Beogh the Shepherd
   973 | D:2      | Reached skill level 1 in Polearms
  1099 | D:2      | Gained mutation: You are partially covered in icy blue
                  | scales. (AC +2) [demonic ancestry]
  1099 | D:2      | Reached XP level 4. HP: 34/34 MP: 7/7
  1372 | D:3      | Reached skill level 3 in Fighting
  1381 | D:3      | Reached skill level 1 in Invocations
  1381 | D:3      | Gained mutation: You are faintly shadowed, very rarely
                  | releasing foul flame when damaged in melee. [demonic
                  | ancestry]
  1381 | D:3      | Reached XP level 5. HP: 14/41 MP: 6/8
  1637 | D:3      | Reached * piety under Beogh
  1731 | D:3      | Noticed Natasha
  1752 | D:3      | Killed Natasha
  1753 | D:3      | Reached skill level 1 in Shields
  2005 | D:3      | Noticed Natasha
  2017 | D:3      | Killed Natasha
  2018 | D:3      | Reached XP level 6. HP: 30/47 MP: 9/9
  2106 | D:3      | Found a broken altar of Ashenzari.
  2375 | D:3      | Found a sparkling altar of Nemelex Xobeh.
  2963 | D:4      | Identified the +7 trident of Death's Door {holy, Int+3
                  | Dex+5}
  2972 | D:4      | Reached skill level 4 in Fighting
  2972 | D:4      | Reached XP level 7. HP: 52/54 MP: 11/11
  3010 | D:4      | Reached skill level 1 in Stealth
  3099 | D:4      | Found the Hermit's Pendant {Faith Invo=14 Evo=0 MP+5}
  3237 | D:4      | Found a runed translucent door.
  3237 | D:4      | Noticed Scrimshaw's ghost (amateur CoHs)
  3274 | D:5      | Entered Level 5 of the Dungeon
  3283 | D:5      | Found an ornate altar of the Wu Jian Council.
  3312 | D:5      | Noticed Grinder
  3315 | D:5      | Paralysed by Grinder for 2 turns
  3329 | D:5      | Killed Grinder
  3429 | D:5      | Gained mutation: A meltable icy envelope protects you from
                  | harm. (AC +8) [demonic ancestry]
  3429 | D:5      | Reached XP level 8. HP: 43/61 MP: 12/12
  3615 | D:5      | Found a sacrificial altar of Ru.
  3635 | D:5      | Reached ** piety under Beogh
  3883 | D:5      | Reached skill level 5 in Fighting
  3994 | D:5      | Found Plog's Hydra Hut.
  3996 | D:5      | Noticed a seven-headed hydra
  4238 | D:6      | Found Igeunk's General Store.
  4431 | D:6      | Found a shimmering altar of Xom.
  4505 | D:6      | Gained mutation: You have sharp fingernails. [demonic
                  | ancestry]
  4505 | D:6      | Reached XP level 9. HP: 69/69 MP: 14/14
  4634 | D:7      | Identified the amulet of Wacwec {Acrobat Harm Rampage
                  | rElec}
  4893 | D:7      | Reached skill level 6 in Fighting
  5022 | D:7      | Reached *** piety under Beogh
  5033 | D:7      | Noticed Olfrun
  5034 | D:7      | Gained mutation: Your magical capacity is low. (-10% MP)
                  | [potion of mutation]
  5034 | D:7      | Lost mutation: Your magical capacity is low. (-10% MP)
                  | [potion of mutation]
  5034 | D:7      | Gained mutation: Your mind is acute. (Int +4, Str/Dex -1)
                  | [potion of mutation]
  5037 | D:7      | Found a staircase to the Ecumenical Temple.
  5110 | D:7      | Anointed Olfrun the warrior as your apostle
  5248 | D:7      | Found a blossoming altar of Fedhas.
  5304 | D:7      | Found a runed translucent door.
  5308 | D:7      | Found a basalt altar of Yredelemnul.
  5527 | D:7      | Found a burning altar of Makhleb.
  5579 | D:8      | Reached skill level 5 in Invocations
  5621 | D:8      | Noticed Grum
  5645 | D:8      | Reached skill level 5 in Translocations
  5650 | D:8      | Killed Grum
  5695 | D:8      | Identified the +5 dagger of Devotion {pain, rPois rF- Str+3
                  | Stlth+}
  5695 | D:8      | Identified the +1 robe of the Sun {Dex+5}
  5695 | D:8      | Noticed Orbeogh
  5706 | D:8      | Gained mutation: You are shadowed, sometimes releasing foul
                  | flame when damaged in melee. [demonic ancestry]
  5706 | D:8      | Reached XP level 10. HP: 11/77 MP: 16/16
  5714 | D:8      | Anointed Orbeogh the wizard as your apostle
  5809 | D:8      | Found a transporter.
  5810 | D:8      | Found a transporter.
  5830 | D:8      | Identified the +7 flail of the Maze {spect, rF+ Int+2}
  6015 | D:8      | Found a transporter.
  6021 | D:8      | Found a transporter.
  6028 | D:8      | Noticed Gastronok
  6045 | D:8      | Killed Gastronok
  6046 | D:8      | Reached skill level 7 in Fighting
  6046 | D:8      | Reached skill level 1 in Maces & Flails
  6066 | D:8      | Found a transporter.
  6066 | D:8      | Found a transporter.
  6258 | D:8      | Found an iron altar of Okawaru.
  6368 | D:9      | Found a staircase to the Orcish Mines.
  6399 | D:9      | Found a shadowy altar of Dithmenos.
  6450 | D:9      | Reached skill level 5 in Spellcasting
  6588 | D:9      | Found the +3 hat of Pondering {ponderous, Will+ MP+10
                  | Int+5}
  6641 | D:9      | Found a bloodstained altar of Trog.
  6650 | D:9      | Reached skill level 5 in Dodging
  6651 | D:9      | Reached **** piety under Beogh
  6827 | D:10     | Entered Level 10 of the Dungeon
  6964 | D:10     | Reached skill level 5 in Armour
  6986 | D:10     | Found God Otoc's Distillery.
  6990 | D:10     | Bought a potion of curing for 36 gold pieces
  6990 | D:10     | Bought a potion of heal wounds for 60 gold pieces
  6990 | D:10     | Bought a potion of heal wounds for 60 gold pieces
  6990 | D:10     | Bought a potion of heal wounds for 60 gold pieces
  7003 | D:10     | Reached XP level 11. HP: 83/86 MP: 18/18
  7039 | D:10     | Reached skill level 8 in Fighting
  7070 | D:10     | Learned a level 4 spell: Manifold Assault
  7075 | D:10     | Learned a level 4 spell: Iskenderun's Mystic Blast
  7319 | D:10     | Noticed a two-headed ogre
  7321 | D:10     | Noticed a two-headed ogre
  7322 | D:10     | Noticed a four-headed hydra
  7328 | D:10     | Killed a two-headed ogre
  7329 | D:10     | Reached skill level 5 in Stealth
  7330 | D:10     | Killed a two-headed ogre
  7330 | D:10     | Noticed a sun demon
  7331 | D:10     | Killed a five-headed hydra
  7335 | D:10     | Reached skill level 5 in Shields
  7338 | D:10     | Noticed a two-headed ogre
  7343 | D:10     | Mangled by a two-headed ogre

Illustrated notes

Levels and vault maps discovered:
D:1:      minmay_arrival_semitransparent, layout_basic,
          shapermc_ecumenical_altar_hornbeckon
D:2:      cheibrodos_pilgrimage, layout_basic, uniq_jessica
D:3:      layout_loops_cross, mainiacjoe_overflow_concentric_impassable,
          nemelex_spade_bored_becter, nicolae_titane, uniq_natasha
D:4:      minmay_spotlight, layout_basic, tso_altar, gammafunk_ghost_grave
D:5:      layout_gridville, nicolae_ru_sacrificial_ziggurat,
          lemuel_doored_altar, doesnt_shop_hydraphobe, uniq_grinder
D:6:      layout_rooms, regret_index_xom_buried_treasure, serial_shops,
          nicolae_shop_competitors_out_of_business, minmay_misc_feat_columns
D:7:      layout_basic, makhleb_grotto_becter, dk_yredelemnul_ordeal,
          fedhas_altar_fruit_tree, minmay_temple_entry_ruins
D:8:      layout_basic, mainiacjoe_overflow_surrounded_room,
          small_chamber_with_monster, serial_nicolae_subway,
          nicolae_sub_station_metal, nicolae_sub_station_stone,
          nicolae_sub_station_crystal, uniq_gastronok, uniq_grum
D:9:      layout_rooms, mainiacjoe_overflow_alcove_1, lemuel_crystal_altar,
          orc_0_dummy
D:10:     layout_rooms, serial_shops, shop_fountains, kennysheep_kite_vault

Skill      XL: |  1  2  3  4  5  6  7  8  9 10 11 |
---------------+----------------------------------+-----
Armour         | 1 2 3 4 5 |  5.5
Dodging        | 2 3 4 5 |  5.6
Polearms       | 1 2 3 4 |  4.2
Translocations | 3 4 5 6 |  6.0
Fighting       | 3 4 5 6 7 8 |  8.6
Invocations    | 1 2 3 4 5 6 7 |  7.2
Shields        | 1 2 3 4 5 |  5.0
Stealth        | 1 2 3 4 5 |  5.3
Spellcasting   | 3 4 5 |  5.7
Maces & Flails | 3 4 |  4.4
Axes           | |  1.7
Throwing       | |  0.8

Action                     |  1- 3 |  4- 6 |  7- 9 | 10-12 || total
---------------------------+-------+-------+-------+-------++-------
  Melee: Hand axe          |    81 |   126 |       |       ||   207
         Spear             |       |    97 |       |       ||    97
         Trident           |       |     6 |   343 |     5 ||   354
         Flail             |       |       |       |   104 ||   104
  Throw: Dart              |     5 |     5 |     1 |       ||    11
   Cast: Blink             |     1 |     1 |     1 |       ||     3
         Lesser Beckoning  |       |     2 |       |     1 ||     3
         Manifold Assault  |       |       |       |     7 ||     7
 Invoke: Convert to Beogh  |     1 |       |       |       ||     1
         Recruit Apostle   |       |       |     1 |     1 ||     2
         Recall Apostles   |       |       |       |     1 ||     1
  Evoke: Wand              |       |       |     4 |       ||     4
    Use: Potion            |       |     2 |     7 |     4 ||    13
         Scroll            |       |       |     4 |       ||     4
   Stab: Sleeping          |     1 |     2 |     5 |       ||     8
         Distracted        |       |       |       |     1 ||     1
         Confused          |       |       |       |     1 ||     1
 Armour: Leather armour    |    33 |   109 |   179 |    78 ||   399
         Skin              |       |    17 |       |       ||    17
  Dodge: Dodged            |    49 |    94 |   187 |    77 ||   407
  Block: Other             |     6 |       |       |       ||     6
         Buckler           |    12 |    75 |   175 |    44 ||   306

Table legend: (Time is in decaauts)
 A = Elapsed time spent in this place.
 B = Non-inter-level travel time spent in this place.
 C = Inter-level travel time spent in this place.
 D = Time resting spent in this place.
 E = Time spent auto-exploring this place.
 F = Levels seen in this place.
 G = Mean time per level.
                   A        B        C        D        E       F      G
               +--------+--------+--------+--------+--------+-----+--------+
         Total |   7515 |   7309 |    206 |    456 |   4978 |  10 |  751.5 |
       Dungeon |   7515 |   7309 |    206 |    456 |   4978 |  10 |  751.5 |
               +--------+--------+--------+--------+--------+-----+--------+

Top non-repeatable levels by time:
     D:3: 1131 daAuts
     D:7: 932 daAuts
     D:5: 858 daAuts
     D:4: 843 daAuts
     D:8: 838 daAuts
     D:1: 729 daAuts
     D:2: 638 daAuts
    D:10: 567 daAuts
     D:6: 509 daAuts
     D:9: 466 daAuts
